 Dungeon Crawl Stone Soup version 0.25-a0-972-g74ed164fb1 (webtiles) character file.

Game seed: 17796409736511717182, levelgen mode: deterministic

26489 Kalafior the Geomancer (level 13, -21/76 HPs)
             Began as a Gargoyle Earth Elementalist on May 9, 2020.
             Was a High Priest of Vehumet.
             Demolished by a very large slime creature (26 damage)
             ... on level 13 of the Dungeon.
             The game lasted 00:35:30 (15116 turns).

Kalafior the Geomancer (GrEE)                      Turns: 15116, Time: 00:35:31

Health: -21/76     AC: 26    Str: 13    XL:     13   Next: 26%
Magic:  17/25      EV: 15    Int: 31    God:    Vehumet [*****.]
Gold:   1012       SH:  0    Dex: 14    Spells: 7/29 levels left

rFire    . . .     SeeInvis .   A - +1 morningstar (vorpal)
rCold    . . .     Gourm    .   (no shield)
rNeg     + . .     Faith    .   f - +2 robe "Boogh" {MR- Int+8 Dex+4}
rPois    ∞         Spirit   .   p - +2 helmet
rElec    +         Reflect  .   r - +2 cloak {rPois}
rCorr    .         Harm     .   i - +0 pair of gloves of the Endless Expanse {+Blink}
MR       .....     Clarity  +   j - +2 pair of boots Stlth ++........Rnd*Tele +
                                (no amulet)
HPRegen  0.22/turn              l - +3 ring of intelligence
MPRegen  0.19/turn              v - +5 ring of slaying

@: no status effects
A: yellow scales 1, clarity, deformed body, negative energy resistance 1,
electricity resistance, teleportitis 1, wild magic 1, unbreathing, petrification
resistance, rot immunity, sturdy frame 1, AC +9
a: Renounce Religion, Evoke Blink


You were on level 13 of the Dungeon.
You worshipped Vehumet.
Vehumet was extremely pleased with you.
You were very hungry.

You visited 2 branches of the dungeon, and saw 15 of its levels.

You collected 1012 gold pieces.

Inventory:

Hand Weapons
 w - a +2 flail of protection
 x - a +2 flail of draining
 A - a +1 vorpal morningstar (weapon)
Missiles
 b - 94 stones (quivered)
 E - a throwing net
Armour
 f - the +2 robe "Boogh" (worn) {MR- Int+8 Dex+4}
   (You found it on level 7 of the Dungeon)

   It affects your intelligence (+8).
   It affects your dexterity (+4).
   It affects your resistance to hostile enchantments.
 h - a +2 hat
 i - the +0 pair of gloves of the Endless Expanse (worn) {+Blink}
   (You found it on level 12 of the Dungeon)

   It lets you blink.
 j - a +2 pair of boots (worn)
 p - a +2 helmet (worn)
 r - a +2 cloak of poison resistance (worn)
 t - a +1 pair of gloves
Magical Staves
 e - an uncursed staff of wizardry
Jewellery
 l - a +3 ring of intelligence (left hand)
 v - a +5 ring of slaying (right hand)
Wands
 n - a wand of random effects (21)
 o - a wand of flame (49)
 H - a wand of iceblast (4)
 I - a wand of disintegration (14)
Scrolls
 c - 2 scrolls of remove curse
 q - a scroll of amnesia
 s - 3 scrolls of brand weapon
 u - 3 scrolls of magic mapping
 y - 2 scrolls of immolation
 B - a scroll of fog
 D - 2 scrolls of teleportation
 F - a scroll of fear
 G - a scroll of blinking
Potions
 a - 3 potions of brilliance
 g - 5 potions of curing
 k - 2 potions of flight
 m - 2 potions of stabbing
 z - 2 potions of resistance
 C - 2 potions of haste
 J - a potion of might
Comestibles
 d - 27 rations


   Skills:
 + Level 7.5 Fighting
 + Level 7.0 Maces & Flails
 - Level 6.0 Armour
 + Level 6.0 Dodging
 - Level 2.1 Stealth
 + Level 8.6 Spellcasting
 + Level 9.4 Conjurations
   Level 0.7 Transmutations
 * Level 6.1 Fire Magic
 + Level 11.2 Earth Magic
 - Level 6.0 Evocations


You had 7 spell levels left.
You knew the following spells:

 Your Spells              Type           Power        Failure   Level  Hunger
a - Sandblast             Erth           ######       1%          1    None
b - Stone Arrow           Conj/Erth      ######       1%          3    None
c - Lee's Rapid Deconstr  Erth           #######...   1%          5    ####...
d - Mephitic Cloud        Conj/Pois/Air  #####...     1%          3    None
e - Bolt of Magma         Conj/Fire/Erth ######....   1%          5    ####...
f - Fireball              Conj/Fire      ######....   1%          5    ####...

Your spell library contained the following spells:

 Spells                   Type           Power        Failure   Level  Hunger
 Magic Dart               Conj           ####         1%          1    None
 Passwall                 Tmut/Erth      ######..     1%          2    None
 Conjure Flame            Conj/Fire      ######..     1%          3    None
 Dazzling Flash           Conj/Hex       ######       1%          3    None
 Ignite Poison            Fire/Tmut/Pois #####...     1%          3    None
 Beastly Appendage        Tmut           ###...       4%          1    None
 Sting                    Tmut/Pois      ###.         5%          1    None
 Petrify                  Tmut/Erth      ######..     5%          4    None
 Animate Skeleton         Necr           N/A          6%          1    None
 Corona                   Hex            ###....      6%          1    None
 Pain                     Necr           ###.         6%          1    None
 Sticks to Snakes         Tmut           ###.....     7%          2    None
 Starburst                Conj/Fire      ######....   9%          6    #####..
 Blink                    Tloc           N/A          10%         2    None
 Call Imp                 Summ           ###.....     10%         2    None
 Ensorcelled Hibernation  Hex/Ice        ###...       10%         2    None
 Poisonous Vapours        Pois/Air       ###...       10%         2    None
 Slow                     Hex            ###.....     10%         2    None
 Olgreb's Toxic Radiance  Pois           ###.....     13%         4    None
 Spider Form              Tmut/Pois      ###.......   14%         3    None
 Confusing Touch          Hex            ###.....     17%         3    None
 Tukima's Dance           Hex            ###.....     17%         3    None
 Vampiric Draining        Necr           ###.......   17%         3    None
 Ice Form                 Ice/Tmut       ###.....     41%         4    None
 Animate Dead             Necr           N/A          45%         4    None
 Blade Hands              Tmut           ###.......   69%         5    ####...
 Agony                    Necr           ###.....     78%         5    ####...
 Ring of Flames           Chrm/Fire      #####.....   100%        7    #######
 Ignition                 Fire           ######....   99%         8    #######


Dungeon Overview and Level Annotations

Branches:
Dungeon (14/15)            Temple (1/1) D:6            Lair (0/6) D:10
    Orc (0/2) D:12
 Vaults: D:13-14

Altars:
Ashenzari
Cheibriados
Dithmenos
Elyvilon
Fedhas
Gozag
Kikubaaqudgha
Makhleb
Nemelex Xobeh
Qazlal
Ru
Sif Muna
Trog
Uskayaw
Vehumet
Xom
Yredelemnul
Zin
The Shining One

Shops:
D:12 (


Innate Abilities, Weirdness & Mutations

You are resistant to torment.
Your stone body is resilient. (AC +9)
You are immune to poison.
You resist negative energy. (rN+)
You are resistant to electric shocks. (rElec)
You can survive without breathing.
You are immune to petrification.
You are immune to rotting.
You are partially covered in yellow scales. (AC +2)
You possess an exceptional clarity of mind.
Armour fits poorly on your strangely shaped body.
You are occasionally teleported next to monsters.
Your spells are a little harder to cast, but a little more powerful.
Your movements are slightly less encumbered by armour. (ER -2)


Message History

Casting: Sandblast (safe; 1% risk of failure)
Confirm with . or Enter, or press ? or * to list all spells.
Aiming: Sandblast (safe; 1% risk of failure)
Press: ? - help, Shift-Dir - straight line, f/p - very large slime creature
Aim: a very large slime creature (heavily wounded)
The blast of sand hits the very large slime creature!
The very large slime creature is severely wounded.
b - 95 stones The very large slime creature hits you.
* * * LOW HITPOINT WARNING * * *
Casting: Sandblast (safe; 1% risk of failure)
Confirm with . or Enter, or press ? or * to list all spells.
Aiming: Sandblast (safe; 1% risk of failure)
Press: ? - help, Shift-Dir - straight line, f/p - very large slime creature
Aim: a very large slime creature (severely wounded)
The blast of sand hits the very large slime creature!
The very large slime creature is severely wounded.
b - 94 stones The very large slime creature hits you!!
You die...

##...## ##.....## #.^.....#
#.......# #####
#..(....####### #######...#
##............## #.......>.#
#.......#####...
#.####.<..###[.....[########
#.####.....@J...............
#...###....###........#####.
###..##....####...###.....##
##...........##..........#
###.....##....>##########
####......<...))(((.)..
#..........(########
#....>.....[.####### ####
#####............##...


You could see a very large slime creature.

Vanquished Creatures
  A hydra (D:11)
  5 centaur warriors
  A tengu warrior (D:13)
  A two-headed ogre (D:9)
  3 unseen horrors
  Pikel (D:4)
  The ghost of Morbidden the Reanimator, a novice DDNe (D:6)
  2 ugly things
  12 slime creatures
  2 manticores
  A cyclops (D:13)
  A centaur zombie (D:10)
  A spiny frog (shapeshifter) (D:13)
  A yaktaur (shapeshifter) (D:13)
  2 trolls (D:12)
  3 hippogriffs
  A harpy skeleton (D:13)
  A shadow (D:11)
  2 wraiths
  3 wyverns
  21 yaks
  3 hungry ghosts
  Menkaure (D:7)
  Edmund (D:6)
  5 sky beasts
  4 ice beasts
  5 orc warriors
  A black bear (D:9)
  A slave (D:4)
  6 ogres
  4 phantoms (D:12)
  9 centaurs
  3 big kobolds
  A crocodile (D:11)
  8 bullfrogs
  2 scorpions
  10 killer bees
  14 wights
  7 electric eels (D:9)
  7 howler monkeys
  3 crimson imps
  2 quasits
  Crazy Yiuf (D:4)
  9 jellies
  A bullfrog skeleton (D:7)
  5 orc priests
  3 hounds
  4 centaur skeletons
  5 iguanas
  3 worker ants
  14 orc wizards
  6 ogre zombies (D:12)
  A hound skeleton (D:5)
  2 worker ant zombies
  3 howler monkey skeletons
  14 adders
  A shadow imp (D:10)
  7 oozes
  A worm (D:2)
  13 dart slugs
  3 leopard geckos
  55 orcs
  8 bats
  8 giant cockroaches
  8 goblins
  11 hobgoblins
  A jackal (D:6)
  13 kobolds
  6 quokkas
  3 frilled lizards
  A goblin skeleton (D:12)
  A goblin zombie (D:12)
  2 hobgoblin skeletons (D:12)
  3 hobgoblin zombies (D:12)
  2 orc skeletons (D:12)
  10 orc zombies (D:12)
  15 rats
406 creatures vanquished.

Vanquished Creatures (others)
  A deep elf mage (D:13)
  16 fungi (D:10)
  13 plants
30 creatures vanquished.

Grand Total: 436 creatures vanquished

Notes
Turn   | Place    | Note
-------+----------+-------------------------------------------
     0 | D:1      | Kalafior the Gargoyle Earth Elementalist began the quest
                  | for the Orb.
     0 | D:1      | Reached XP level 1. HP: 10/10 MP: 3/3
   131 | D:1      | Reached skill level 4 in Earth Magic
   131 | D:1      | Reached XP level 2. HP: 13/15 MP: 0/5
   975 | D:1      | Reached XP level 3. HP: 17/19 MP: 4/6
   981 | D:1      | Learned a level 3 spell: Stone Arrow
  1473 | D:2      | Reached skill level 1 in Conjurations
  1689 | D:2      | Reached XP level 4. HP: 23/24 MP: 8/8
  2586 | D:3      | Gained mutation: Scrolls take you a little longer to read.
                  | [potion of mutation]
  2586 | D:3      | Gained mutation: You are occasionally teleported next to
                  | monsters. [potion of mutation]
  2586 | D:3      | Gained mutation: You possess an exceptional clarity of
                  | mind. [potion of mutation]
  2586 | D:3      | Gained mutation: Your large and strong wings let you fly
                  | indefinitely. [potion of mutation]
  2663 | D:3      | Reached skill level 5 in Earth Magic
  2719 | D:3      | Reached XP level 5. HP: 24/28 MP: 6/9
  2726 | D:3      | Learned a level 5 spell: Lee's Rapid Deconstruction
  3408 | D:4      | Reached XP level 6. HP: 15/32 MP: 5/11
  3810 | D:4      | Reached skill level 6 in Earth Magic
  4057 | D:4      | Noticed a slave
  4057 | D:4      | Noticed a slave
  4058 | D:4      | Noticed Pikel
  4058 | D:4      | Noticed a slave
  4058 | D:4      | Noticed a slave
  4060 | D:4      | Killed a slave
  4063 | D:4      | Killed Pikel
  4063 | D:4      | Reached skill level 5 in Spellcasting
  4063 | D:4      | Reached skill level 7 in Earth Magic
  4063 | D:4      | Reached XP level 7. HP: 36/36 MP: 12/14
  4063 | D:4      | Reached XP level 8. HP: 41/41 MP: 12/15
  4111 | D:4      | Found an ancient bone altar of Kikubaaqudgha.
  4181 | D:4      | Reached skill level 5 in Conjurations
  4410 | D:4      | Found a runed translucent door.
  4411 | D:4      | Noticed Crazy Yiuf
  4416 | D:4      | Killed Crazy Yiuf
  4467 | D:5      | Entered Level 5 of the Dungeon
  5575 | D:6      | Reached skill level 1 in Armour
  5579 | D:6      | Reached skill level 1 in Fighting
  5579 | D:6      | Reached skill level 1 in Maces & Flails
  5579 | D:6      | Reached skill level 1 in Evocations
  5644 | D:6      | Noticed Morbidden's ghost (novice DDNe)
  5645 | D:6      | Found a transporter.
  5645 | D:6      | Found a transporter.
  5735 | D:6      | Learned a level 3 spell: Mephitic Cloud
  5753 | D:6      | Found a staircase to the Ecumenical Temple.
  5764 | Temple   | Entered the Ecumenical Temple
  5863 | Temple   | Became a worshipper of Vehumet
  6031 | D:6      | Found a shadowy altar of Dithmenos.
  6037 | D:6      | Noticed Edmund
  6055 | D:6      | Killed Edmund
  6055 | D:6      | Reached skill level 8 in Earth Magic
  6204 | D:6      | Reached XP level 9. HP: 48/48 MP: 17/17
  6720 | D:6      | Killed Morbidden's ghost
  6875 | D:7      | Reached * piety under Vehumet
  6875 | D:7      | Offered knowledge of Foxfire by Vehumet.
  7007 | D:7      | Lost mutation: Scrolls take you a little longer to read.
                  | [potion of mutation]
  7007 | D:7      | Lost mutation: Your large and strong wings let you fly
                  | indefinitely. [potion of mutation]
  7007 | D:7      | Gained mutation: Armour fits poorly on your strangely
                  | shaped body. [potion of mutation]
  7007 | D:7      | Gained mutation: Your movements are slightly less
                  | encumbered by armour. (ER -2) [potion of mutation]
  7007 | D:7      | Gained mutation: Your spells are a little harder to cast,
                  | but a little more powerful. [potion of mutation]
  7007 | D:7      | Gained mutation: You are partially covered in yellow
                  | scales. (AC +2) [potion of mutation]
  7100 | D:7      | Reached XP level 10. HP: 56/56 MP: 11/19
  7316 | D:7      | Got a tattered robe
  7327 | D:7      | Identified the +2 robe "Boogh" {MR- Int+8 Dex+4} (You found
                  | it on level 7 of the Dungeon)
  7387 | D:7      | Noticed Menkaure
  7393 | D:7      | Killed Menkaure
  7394 | D:7      | Reached ** piety under Vehumet
  7400 | D:7      | Offered knowledge of Freeze by Vehumet.
  8353 | D:8      | Reached skill level 9 in Earth Magic
  8984 | D:9      | Offered knowledge of Inner Flame by Vehumet.
  9171 | D:9      | Noticed a two-headed ogre
  9431 | D:9      | Reached *** piety under Vehumet
  9739 | D:9      | Killed a two-headed ogre
  9739 | D:9      | Reached skill level 5 in Fighting
  9739 | D:9      | Reached skill level 5 in Armour
  9739 | D:9      | Reached XP level 11. HP: 63/63 MP: 17/21
  9804 | D:9      | Offered knowledge of Sticky Flame by Vehumet.
 10065 | D:10     | Entered Level 10 of the Dungeon
 10459 | D:10     | Killed an unseen horror
 10489 | D:10     | Reached skill level 5 in Maces & Flails
 10639 | D:10     | Found a staircase to the Lair.
 10703 | D:10     | Reached skill level 10 in Earth Magic
 10959 | D:10     | Reached **** piety under Vehumet
 11073 | D:11     | Learned a level 5 spell: Fireball
 11137 | D:11     | Noticed a six-headed hydra
 11143 | D:11     | Killed a six-headed hydra
 11143 | D:11     | Reached skill level 1 in Fire Magic
 11294 | D:11     | Offered knowledge of Iskenderun's Mystic Blast by Vehumet.
 11306 | D:11     | Noticed a manticore
 11314 | D:11     | Killed a manticore
 11609 | D:11     | Noticed a green ugly thing
 11614 | D:11     | Killed a green ugly thing
 11614 | D:11     | Reached skill level 5 in Evocations
 12089 | D:12     | Noticed a purple ugly thing
 12095 | D:12     | Reached skill level 5 in Dodging
 12099 | D:12     | Killed a purple ugly thing
 12099 | D:12     | Reached XP level 12. HP: 52/70 MP: 19/23
 12214 | D:12     | Got a pair of scorched gloves
 12226 | D:12     | Identified the +0 pair of gloves of the Endless Expanse
                  | {+Blink} (You found it on level 12 of the Dungeon)
 12259 | D:12     | Found a staircase to the Orcish Mines.
 12338 | D:12     | Found Nyli's Weapon Shoppe.
 12579 | D:12     | Noticed a centaur warrior
 12582 | D:12     | Killed a centaur warrior
 13928 | D:13     | Noticed a centaur warrior
 13931 | D:13     | Killed a centaur warrior
 13931 | D:13     | Reached ***** piety under Vehumet
 13931 | D:13     | Noticed a tengu warrior
 13934 | D:13     | Offered knowledge of Bolt of Magma by Vehumet.
 13937 | D:13     | Killed a tengu warrior
 13948 | D:12     | Reached skill level 5 in Fire Magic
 13998 | D:12     | Learned a level 5 spell: Bolt of Magma
 14184 | D:13     | Noticed a centaur warrior
 14192 | D:13     | Killed a centaur warrior
 14251 | D:13     | Reached skill level 11 in Earth Magic
 14251 | D:13     | Reached XP level 13. HP: 45/76 MP: 14/25
 15116 | D:13     | Demolished by a very large slime creature

Illustrated notes

Levels and vault maps discovered:
D:1:      dpeg_arrival_windows_large_door, layout_loops_cross
D:2:      layout_loops_ring, first_ration
D:3:      kennysheep_slugbush, layout_basic
D:4:      layout_basic, lemuel_doored_altar, serial_curves, eino_curves_03,
          eino_curves_01, uniq_crazy_yiuf_cottage, uniq_pikel
D:5:      layout_basic
D:6:      layout_loops_ring, minmay_temple_entry_stoned_glass,
          gammafunk_ghost_arena, nicolae_dithmenos_shadow_blocks, uniq_edmund
D:7:      layout_rooms, st_stairs_4, uniq_menkaure
D:8:      layout_basic, minmay_unpleasant_kobolds
D:9:      layout_cave_pools, serial_bayou, serial_bayou_ford_a,
          serial_bayou_pond_e, serial_bayou_lake_a, serial_bayou_shore_b,
          serial_bayou_lagoon_a, serial_bayou_pond_c
D:10:     layout_roguey, grunt_lair_entry_orc_guard_hut,
          hangedman_little_slice_of_home, interstate_on_off
D:11:     layout_basic, patterned_corridor
D:12:     layout_irregular_city, zombieorc1_lemuel, serial_shops,
          nicolae_shop_statue_plus
D:13:     layout_rooms
D:14:     layout_rooms, ximxim_vaults_locker_room, serial_bayou_pond_a,
          uniq_frances
Temple:   kilobyte_greek_temple

Skill      XL: |  1  2  3  4  5  6  7  8  9 10 11 12 13 |
---------------+----------------------------------------+-----
Earth Magic    | 4 5 7 8 9 10 11 | 11.2
Conjurations   | 1 3 4 5 6 7 8 9 |  9.4
Spellcasting   | 3 5 6 7 8 |  8.6
Armour         | 2 3 5 6 |  6.0
Fighting       | 1 3 5 6 7 |  7.5
Maces & Flails | 1 3 4 5 6 7 |  7.0
Evocations     | 1 3 4 5 6 |  6.0
Dodging        | 2 3 4 5 6 |  6.0
Fire Magic     | 2 5 6 |  6.1
Stealth        | |  2.1
Transmutations | |  0.7

Action                   |  1- 3 |  4- 6 |  7- 9 | 10-12 | 13-15 || total
-------------------------+-------+-------+-------+-------+-------++-------
Melee: Dagger            |   159 |   122 |       |       |       ||   281
       Mace              |       |    72 |    79 |       |       ||   151
       Flail             |       |       |    87 |    14 |       ||   101
       Morningstar       |       |       |       |   350 |    66 ||   416
 Cast: Sandblast         |    17 |    52 |    71 |   201 |    29 ||   370
       Lee's Rapid Decon |       |     1 |     1 |    17 |     3 ||    22
       Stone Arrow       |       |       |     2 |     5 |       ||     7
       Fireball          |       |       |       |     6 |       ||     6
Evoke: Wand              |       |     5 |     3 |     5 |       ||    13
  Use: Scroll            |       |    11 |     7 |    18 |     1 ||    37
       Potion            |       |     2 |     1 |     3 |       ||     6
 Stab: Sleeping          |     6 |     6 |     3 |     2 |     1 ||    18
       Distracted        |       |       |       |     2 |       ||     2
  Eat: Chunk             |     3 |     5 |    10 |    21 |     1 ||    40
       Ration            |       |     1 |       |     2 |       ||     3
Armor: Robe              |    57 |    96 |   152 |   376 |    49 ||   730
       Skin              |       |     9 |       |       |       ||     9
Dodge: Dodged            |   138 |   165 |   147 |   441 |    65 ||   956

Table legend:
 A = Non-vault XP
 B = Vault XP
 C = Vault XP percentage of total XP
 D = Non-vault monster count
 E = Vault monster count
 F = Vault count percentage of total count
                 A         B        C        D         E       F
            +---------+---------+-------+---------+---------+-------
      Total |   34219 |    3623 |   9.6 |     337 |      69 |  17.0
            +---------+---------+-------+---------+---------+-------
        D:1 |      56 |       0 |   0.0 |      32 |       0 |   0.0
        D:2 |      83 |       0 |   0.0 |      27 |       0 |   0.0
        D:3 |     145 |      40 |  21.6 |      13 |      10 |  43.5
        D:4 |     271 |     685 |  71.7 |      24 |       2 |   7.7
        D:5 |     279 |       0 |   0.0 |      13 |       0 |   0.0
        D:6 |    1034 |     918 |  47.0 |      24 |       7 |  22.6
        D:7 |    1071 |     566 |  34.6 |      25 |       4 |  13.8
        D:8 |     636 |     201 |  24.0 |      14 |       6 |  30.0
        D:9 |    4035 |       0 |   0.0 |      33 |       0 |   0.0
       D:10 |    4071 |     668 |  14.1 |      25 |      12 |  32.4
       D:11 |    3142 |       0 |   0.0 |      15 |       0 |   0.0
       D:12 |    8323 |     545 |   6.1 |      41 |      28 |  40.6
       D:13 |    9093 |       0 |   0.0 |      43 |       0 |   0.0
       D:14 |    1980 |       0 |   0.0 |       8 |       0 |   0.0
            +---------+---------+-------+---------+---------+-------
